 Dungeon Crawl Stone Soup version 0.30-a0-629-gd54f4be4f7 (webtiles) character file.

Game seed: 5818276188264642247

1034 NinjaNoafa the Magician (level 8, -19/57 HPs)
             Began as a Black Draconian Fire Elementalist on Jan 12, 2023.
             Was a Believer of Cheibriados.
             Engulfed by a cloud of flame (32 damage)
             ... on level 3 of the Dungeon.
             The game lasted 00:11:39 (4915 turns).

NinjaNoafa the Magician (DrFE)                      Turns: 4915, Time: 00:11:40

Health: -19/57     AC:  7    Str: 18    XL:     8   Next: 3%
Magic:  11/15      EV: 12    Int: 28    God:    Cheibriados [**....]
Gold:   249        SH:  0    Dex: 18    Spells: 8/17 levels left

rFire   . . .      SeeInvis .    d - +4 short sword
rCold   . . .      Faith    .    (no shield)
rNeg    . . .      Spirit   .    (body armour unavailable)
rPois   .          Reflect  .    (helmet restricted)
rElec   +          Harm     .    r - +0 cloak
rCorr   .          Rampage  .    (no gloves)
Will    .....                    (no boots)
Stlth   ++                       h - amulet of Summertime {rElec Regen+ Str+3}
HPRegen 1.09/turn                j - +6 ring of intelligence
MPRegen 0.14/turn                (no ring)

@: very slow
A: breathe lightning, AC +6, unfitting armour, electricity resistance,
cold-blooded
a: Breathe Lightning, Renounce Religion, Bend Time


You were on level 3 of the Dungeon.
You worshipped Cheibriados.
Cheibriados was pleased with you.
You visited 2 branches of the dungeon, and saw 7 of its levels.

You collected 249 gold pieces.

Inventory:

Hand Weapons
 d - a +4 short sword (weapon)
Missiles
 e - 6 javelins
 x - 7 poisoned darts
Armour
 r - a +0 cloak (worn)
 u - a +0 pair of gloves
Jewellery
 h - the amulet of Summertime (around neck) {rElec Regen+ Str+3}
   (You found it on level 2 of the Dungeon)

   [amulet of regeneration]

   Str:       It affects your strength (+3).
   rElec:     It insulates you from electricity.
   Regen:     It increases your rate of health regeneration.
 j - a +6 ring of intelligence (left hand)
Wands
 t - a wand of flame (12)
 w - a wand of charming (6)
 z - a wand of mindburst (4)
Scrolls
 g - a scroll of immolation {unknown}
 l - 4 scrolls of identify {unknown}
 o - a scroll of enchant armour {unknown}
 q - 2 scrolls of poison {unknown}
 s - a scroll of noise {unknown}
 y - a scroll of enchant weapon {unknown}
Potions
 a - 3 potions of magic
 b - 2 potions of might {unknown}
 c - a potion of mutation {unknown}
 f - 3 potions of resistance {unknown}
 i - 2 potions of degeneration {unknown}
 k - a potion of ambrosia {unknown}
 m - a potion of brilliance {unknown}
 n - a potion of cancellation {unknown}
 p - a potion of attraction {unknown}
 v - a potion of haste {unknown}
 A - 2 potions of curing {unknown}


   Skills:
 - Level 1.7 Dodging
 - Level 1.7 Stealth
 + Level 5.0 Spellcasting
 + Level 3.7 Conjurations
 - Level 3.0 Hexes
 - Level 3.0 Translocations
 + Level 4.8 Fire Magic
 - Level 3.0 Air Magic


You had 8 spell levels left.
You knew the following spells:

 Your Spells              Type           Power      Damage    Failure   Level
a - Foxfire               Conj/Fire      100%       2x1d9     1%          1
b - Scorch                Fire           68%        2d8       1%          2
c - Inner Flame           Hex/Fire       29%        N/A       4%          3
d - Kindle Blastsparks    Fire/Tloc/Air  54%        2d14      4%          3

Your spell library contained the following spells:

 Spells                   Type           Power      Damage    Failure   Level
 Magic Dart               Conj           100%       1d8       1%          1
 Searing Ray              Conj           56%        2d6       2%          2
 Gell's Gravitas          Tloc           23%        N/A       6%          3
 Teleport Other           Tloc           23%        N/A       6%          3
 Flame Wave               Conj/Fire      31%        2d9       11%         4
 Fulminant Prism          Conj/Hex       13%        3d8       17%         4
 Dispersal                Tloc           11%        N/A       96%         6


Dungeon Overview and Level Annotations

Branches:
Dungeon (6/15)             Temple (1/1) D:6

Altars:
Ashenzari
Cheibriados
Elyvilon
Fedhas
Gozag
Kikubaaqudgha
Makhleb
Nemelex Xobeh
Okawaru
Qazlal
Ru
Sif Muna
Trog
Uskayaw
Vehumet
Xom
Yredelemnul
Zin
The Shining One

Annotations:
D:3 1 transporter


Innate Abilities, Weirdness & Mutations

You can breathe wild blasts of lightning.
Your glossy black scales are hard. (AC +6)
You cannot fit into any form of body armour.
You are resistant to electric shocks. (rElec)
You are cold-blooded and may be slowed by cold attacks.


Message History

You now have 249 gold pieces (gained 2).
Key pressed, stopping explore.
There is a stone staircase leading up here.
A goblin comes into view.
It is wielding a +0 dagger of protection.
A goblin is nearby!
Casting: Foxfire (safe; 1% risk of failure)
Confirm with . or Enter, or press ? or * to list all spells.
Aiming: Inner Flame (dangerous; 4% risk of failure)
Press: ? - help, Dir - move target, f - goblin
Aim: a goblin, wielding a +0 dagger of protection (asleep, chance to affect: 93%)
The goblin shouts!
The goblin is filled with an inner flame.
The goblin unwields a +0 dagger of protection.
The goblin wields a +0 sling.
The goblin shoots a sling bullet.
The sling bullet hits you but does no damage.
The goblin shoots a sling bullet.
The sling bullet barely misses you.
Casting: Inner Flame (dangerous; 4% risk of failure)
Confirm with . or Enter, or press ? or * to list all spells.
A cloud of volatile blastsparks flares up around you!
The goblin shoots a sling bullet.
The sling bullet closely misses you.
The goblin shoots a sling bullet.
The sling bullet misses you.
The goblin shoots a sling bullet.
The sling bullet closely misses you.
The goblin shoots a sling bullet.
The sling bullet completely misses you.
The goblin shoots a sling bullet.
The sling bullet hits you.
The goblin shoots a sling bullet.
The sling bullet closely misses you.
The goblin shoots a sling bullet.
The sling bullet misses you.
The goblin shoots a sling bullet.
The sling bullet hits you but does no damage.
The cloud of blastsparks explodes!
The concussive blast engulfs the goblin!
Cheibriados thoroughly appreciates the change of pace.
The concussive blast engulfs you!
The goblin explodes!
The fiery explosion engulfs you!
You hear an angry hiss.
You are engulfed in blazing flames.
* * * LOW HITPOINT WARNING * * *
You are engulfed in blazing flames.
Ouch! That really hurt!
You die...

.###.#.##.#.#.## #.###.....##
.# #.........######.##.......#
.###.#.######......†.........#
.....#(.#####.#####.##.......#
.#.###......<.# #.##......##
..###...#.###.# #.##.#...##
.#.##.#..## #.####...#.##.##
.##.#.#.## #..§§....... ..#
.###....# #.##@#.#.#.# ..# .#
##.#.# #.##§##.##.# .#
.####.#.# #.##.# # ......#.#
#..... .######.# ####.# .# .#
#.# .# .# #.. .# .# ### .#


There were no monsters in sight!

Vanquished Creatures
  Edmund (D:5)
  A black bear (D:5)
  3 ogres
  A necrophage (D:5)
  A scorpion (D:5)
  A howler monkey (D:6)
  A jelly (D:5)
  An orc priest (D:5)
  3 orc wizards
  2 iguanas (D:5)
  9 adders
  2 river rats (D:4)
  A shadow imp (D:5)
  A white imp (D:5)
  3 worms (D:4)
  5 dart slugs
  6 orcs
  3 endoplasms (D:1)
  6 giant cockroaches
  11 goblins
  6 hobgoblins
  6 jackals
  3 quokkas
  7 ball pythons
  4 bats
  2 frilled lizards (D:2)
  8 kobolds
  11 rats
109 creatures vanquished.

Vanquished Creatures (others)
  321 foxfires
321 creatures vanquished.

Grand Total: 430 creatures vanquished

Notes
Turn   | Place    | Note
-------+----------+-------------------------------------------
     0 | D:1      | NinjaNoafa the Draconian Fire Elementalist began the quest
                  | for the Orb.
     0 | D:1      | Reached XP level 1. HP: 14/14 MP: 3/3
   290 | D:1      | Reached XP level 2. HP: 20/20 MP: 1/5
   457 | D:1      | Learned a level 2 spell: Scorch
   744 | D:1      | Reached XP level 3. HP: 26/26 MP: 1/6
  1027 | D:2      | Identified the amulet of Summertime {rElec Regen+ Str+3}
  1566 | D:2      | Reached XP level 4. HP: 29/33 MP: 1/8
  1656 | D:2      | Found a faded altar of an unknown god.
  1863 | D:3      | Found an ancient bone altar of Kikubaaqudgha.
  2077 | D:3      | You fall into a shaft and drop 3 floors!
  2077 | D:6      | Found a staircase to the Ecumenical Temple.
  2082 | D:6      | Noticed an ogre
  2096 | D:6      | Killed an ogre
  2097 | D:6      | Reached skill level 3 in Spellcasting
  2097 | D:6      | Reached XP level 5. HP: 38/38 MP: 0/10
  2106 | Temple   | Entered the Ecumenical Temple
  2367 | Temple   | Became a worshipper of Cheibriados the Contemplative
  2459 | D:5      | Entered Level 5 of the Dungeon
  2459 | D:5      | Noticed a black bear
  2498 | D:5      | Reached skill level 1 in Hexes
  2502 | D:5      | Reached XP level 6. HP: 26/45 MP: 0/11
  2621 | D:5      | Learned a level 3 spell: Inner Flame
  2652 | D:5      | Found a glowing golden altar of the Shining One.
  2880 | D:5      | Reached skill level 4 in Spellcasting
  3012 | D:5      | Noticed Edmund
  3031 | D:5      | Killed Edmund
  3032 | D:5      | Your scales start taking on a glossy black colour.
  3032 | D:5      | Reached XP level 7. HP: 19/50 MP: 3/14
  3032 | D:5      | Gained mutation: You are resistant to electric shocks.
                  | (rElec) [Black Draconian growth]
  3298 | D:5      | Reached skill level 1 in Translocations
  3298 | D:5      | Reached skill level 1 in Air Magic
  3953 | D:4      | Reached * piety under Cheibriados
  4041 | D:4      | Learned a level 3 spell: Kindle Blastsparks
  4162 | D:4      | Found a radiant altar of Vehumet.
  4444 | D:3      | Reached ** piety under Cheibriados
  4445 | D:3      | Reached skill level 5 in Spellcasting
  4450 | D:3      | Reached XP level 8. HP: 36/57 MP: 5/15
  4844 | D:3      | Found a transporter.
  4915 | D:3      | Engulfed by a cloud of flame

Illustrated notes

Levels and vault maps discovered:
D:1:      erik_arrival_orb_chamber, layout_basic
D:2:      layout_rooms, shapermc_ecumenical_altar_ellora
D:3:      gammafunk_steamed_eel, layout_loops_ring,
          nicolae_kikubaaqudgha_miasma_corner
D:4:      minmay_diamond_boxcup, layout_cave_pools, nicolae_vehumet_radiance,
          lightli_sewer_entry_pipes, grunt_decor_resistance
D:5:      layout_loops_ring, nicolae_tso_carved_into_rock,
          kennysheep_opposing_triangles, uniq_edmund
D:6:      layout_gridville, grunt_dithmenos_shadows,
          minmay_temple_entry_sparse_star
Temple:   regret_index_temple_sphere_string

Skill      XL: |  1  2  3  4  5  6  7 |
---------------+----------------------+-----
Conjurations   | 2 3 |  3.7
Spellcasting   | 3 4 5 |  5.0
Fire Magic     | 4 |  4.8
Hexes          | 1 3 |  3.0
Translocations | 3 |  3.0
Air Magic      | 3 |  3.0
Dodging        | |  1.7
Stealth        | |  1.7

Action                   |  1- 3 |  4- 6 |  7- 9 || total
-------------------------+-------+-------+-------++-------
Melee: Short sword       |    29 |    15 |     2 ||    46
       Whip              |     3 |       |       ||     3
       Tailslap          |     2 |     3 |       ||     5
       Unarmed           |     1 |       |       ||     1
 Cast: Foxfire           |    81 |    41 |    84 ||   206
       Scorch            |     2 |     6 |     5 ||    13
       Inner Flame       |       |     5 |    10 ||    15
       Kindle Blastspark |       |       |     5 ||     5
 Stab: Sleeping          |       |     1 |       ||     1
Armor: Skin              |    13 |     6 |    15 ||    34
Dodge: Dodged            |    22 |    30 |    20 ||    72

Table legend: (Time is in decaauts)
 A = Elapsed time spent in this place.
 B = Non-inter-level travel time spent in this place.
 C = Inter-level travel time spent in this place.
 D = Time resting spent in this place.
 E = Time spent auto-exploring this place.
 F = Levels seen in this place.
 G = Mean time per level.
                   A        B        C        D        E       F      G
               +--------+--------+--------+--------+--------+-----+--------+
         Total |   5426 |   5184 |    242 |    120 |   4228 |   7 |  775.1 |
       Dungeon |   5136 |   4970 |    166 |    120 |   4029 |   6 |  856.0 |
        Temple |    289 |    214 |     75 |      0 |    199 |   1 |  289.0 |
               +--------+--------+--------+--------+--------+-----+--------+

Top non-repeatable levels by time:
     D:5: 1726 daAuts
     D:1: 976 daAuts
     D:2: 880 daAuts
     D:3: 799 daAuts
     D:4: 639 daAuts
  Temple: 289 daAuts
     D:6: 115 daAuts
